 Dungeon Crawl Stone Soup version bcrawl-1.27.6 (webtiles) character file.

Game seed: 18387183580876738452

431704 Faustar the Fighter (level 12, 0/84 HPs)
             Began as a Gargoyle Monk on Sept 19, 2020.
             Was a High Priest of the Shining One.
             Slain by an ice devil (9 damage)
             ... in an ice cave.
             The game lasted 00:27:28 (9992 turns).

Faustar the Fighter (Gargoyle Monk)                 Turns: 9992, Time: 00:27:29

Health: 0/84       AC: 22    Str: 24    XL:     12   Next: 11%
Magic:  13/13      EV:  9    Int: 11    God:    the Shining One [*****.]
Gold:   766        SH:  0    Dex: 12    Spells: 11/11 levels left

rFire    . . .     SeeInvis .   E - +1 whip (elec)
rCold    . . .     Gourm    .   (no shield)
rNeg     + + +     Faith    .   v - +1 chain mail {MR+}
rPois    ∞         Spirit   .   l - +1 hat
rElec    +         Reflect  .   (no cloak)
rCorr    .         Harm     .   J - +0 pair of gloves
MR       ++...                  (no boots)
Stlth    ..........             F - amulet of the acrobat
HPRegen  0.24/turn              i - +4 ring of strength
MPRegen  0.13/turn              b - ring of protection from magic

@: glowing
A: negative energy resistance 1, electricity resistance, unbreathing,
petrification resistance, rot immunity, AC +8
a: Divine Shield, Cleansing Flame, Summon Divine Warrior, Renounce Religion


You were in an ice cave.
You worshipped the Shining One.
The Shining One was extremely pleased with you.
You were hungry.

You visited 3 branches of the dungeon, and saw 11 of its levels.
You also visited: Sewer and Ice Cave.

You collected 766 gold pieces.

Inventory:

Hand Weapons
 u - a +2 whip of draining
 E - a +1 whip of electrocution (weapon)
Missiles
 K - a throwing net {=f}
Armour
 l - a +1 hat (worn)
 v - a +1 chain mail of magic resistance (worn)
 J - a +0 pair of gloves (worn)
Jewellery
 b - a ring of protection from magic (right hand)
 d - an uncursed amulet of guardian spirit
 i - a +4 ring of strength (left hand)
 y - an uncursed ring of stealth
 F - an amulet of the acrobat (around neck)
 M - a +4 ring of dexterity
Wands
 H - a wand of digging (3)
 L - a wand of disintegration (13)
Scrolls
 f - 5 scrolls of remove curse
 h - 8 scrolls of teleportation
 j - a scroll of silence {unknown}
 p - 2 scrolls of enchant armour {unknown}
 q - a scroll of enchant weapon {unknown}
 r - 5 scrolls of amnesia {unknown}
 s - 3 scrolls of immolation
 w - 4 scrolls of fear
 A - 8 scrolls of fog
 B - a scroll of blinking
 D - a scroll of magic mapping
Potions
 a - a potion of invisibility
 c - a potion of ambrosia
 g - 3 potions of heal wounds
 k - a potion of lignification
 m - 4 potions of haste
 o - a potion of cancellation
 x - 6 potions of curing
 z - 2 potions of magic
 C - 3 potions of brilliance
Comestibles
 e - 17 rations {!d}


   Skills:
 - Level 13.9 Fighting
 - Level 12.9 Maces & Flails
 + Level 7.0 Armour
 - Level 2.4 Dodging
 - Level 2.4 Stealth
 - Level 2.1 Invocations


You had 11 spell levels left.
You didn't know any spells.
Your spell library contained the following spells:

 Spells                   Type           Power        Failure   Level  Hunger
 Fulminant Prism          Conj/Hex       #.........   100%        4    ######.
 Iskenderun's Battlesphe  Conj/Chrm      #.......     100%        5    #######
 Iron Shot                Conj/Erth      #.........   100%        6    #######
 Poison Arrow             Conj/Pois      #.........   100%        6    #######
 Orb of Destruction       Conj           #.........   100%        7    #######
 Spellforged Servitor     Conj/Summ      #.........   100%        7    #######


Dungeon Overview and Level Annotations

Branches:
Dungeon (9/12)             Temple (1/1) D:6            Lair (1/6) D:7
    Orc: D:8-11

Altars:
Ashenzari
Cheibriados
Dithmenos
Fedhas
Gozag
Kikubaaqudgha
Lugonu
Makhleb
Nemelex Xobeh
Okawaru
Qazlal
Ru
Sif Muna
Trog
Uskayaw
Vehumet
Wu Jian
Xom
Yredelemnul
The Shining One
Jiyva

Shops:
D:4 [   D:8 *

Annotations:
D:8 3 runed translucent doors, Maksi666's ghost, journeyman DgHu IceCv exclusion: 2 ice statues


Innate Abilities, Weirdness & Mutations

You are resistant to torment.
Your stone body is resilient. (AC +8)
You are immune to poison.
You resist negative energy. (rN+)
You are resistant to electric shocks. (rElec)
You can survive without breathing.
You are immune to petrification.
You are immune to rotting.


Message History

The ice devil hits you but does no damage.
You hit the gelid demonspawn but do no damage.
Lightning courses through the gelid demonspawn!!
You kill the gelid demonspawn!
The Shining One accepts your kill.
Your Armour skill increases to level 7!
You hit the ice devil.
The ice devil is lightly wounded.
The ice devil hits you!
* * * LOW HITPOINT WARNING * * *
The ice devil freezes you!
* * * LOW HITPOINT WARNING * * *
You hit the ice devil but do no damage.
The ice devil is lightly wounded.
You hit the ice devil but do no damage.
The ice devil is lightly wounded.
The ice devil hits you.
* * * LOW HITPOINT WARNING * * *
The ice devil freezes you!
You die...

#...#≈≈# ≈
#...##≈##. ..#
##.. ≈≈#.. ..
.. ..# .. # ..
.# §# #.# .# §#
##..#.#○○#.#
#..#...4☼§§○..#
#..○☼..@.......
#.§§#..)####..#
# #.... #.....
###..#. ##§#..
○# .# §° #


You could see an ice devil.

Vanquished Creatures
  A hydra (Lair:1)
  A centaur warrior (D:7)
  3 two-headed ogres
  An unseen horror (D:9)
  A gelid demonspawn (IceCv)
  Pikel (D:4)
  Joseph (D:8)
  A komodo dragon (D:7)
  An ice devil (IceCv)
  A merfolk (D:9)
  Grinder (D:3)
  2 slime creatures
  2 hippogriffs
  Sigmund (D:4)
  A yak (shapeshifter) (D:6)
  A wyvern (D:9)
  7 yaks
  Grum (D:8)
  Menkaure (D:4)
  3 water moccasins
  2 crocodiles (Lair:1)
  2 sky beasts
  A porcupine (Lair:1)
  An orc warrior (D:6)
  2 slaves (D:4)
  An eye of draining (D:9)
  A hornet zombie (D:8)
  9 wolves
  4 ogres
  2 phantoms
  A centaur (D:9)
  7 bullfrogs
  A wyvern skeleton (D:8)
  A scorpion (D:6)
  9 killer bees
  7 wights (D:6)
  An electric eel (D:7)
  A bullfrog zombie (D:7)
  3 crimson imps
  4 hounds
  A centaur zombie (D:7)
  2 orc priests
  3 jellies
  6 orc wizards
  2 centaur skeletons
  A gnoll shaman (D:7)
  5 iguanas
  A killer bee zombie (D:8)
  9 worker ants
  A hound skeleton (D:6)
  A worker ant zombie (D:7)
  Robin (D:4)
  8 gnolls
  A howler monkey skeleton (D:4)
  20 adders
  11 river rats
  A shadow imp (D:7)
  18 white imps
  3 ufetubi (IceCv)
  2 oozes
  2 adder skeletons
  3 worms
  A dart slug (D:1)
  5 leopard geckos
  39 orcs
  5 giant cockroaches
  10 goblins
  12 hobgoblins
  8 jackals (D:3)
  8 kobolds
  7 ball pythons
  4 bats
  7 frilled lizards
  41 rats
341 creatures vanquished.

Vanquished Creatures (others)
  A centaur skeleton (D:4)
  4 white imps (IceCv)
  7 ufetubi (IceCv)
  3 goblins (D:4)
  A hobgoblin (D:4)
  3 plants (D:7)
19 creatures vanquished.

Grand Total: 360 creatures vanquished

Notes
Turn   | Place    | Note
-------+----------+-------------------------------------------
     0 | D:1      | Faustar the Gargoyle Monk began the quest for the Orb.
     0 | D:1      | Reached XP level 1. HP: 14/14 MP: 2/2
   106 | D:1      | Reached XP level 2. HP: 14/19 MP: 1/3
   305 | D:1      | Reached XP level 3. HP: 20/24 MP: 4/4
   310 | D:1      | Reached skill level 4 in Fighting
  1414 | D:2      | Found a faded altar of an unknown god.
  1758 | D:2      | Reached XP level 4. HP: 19/30 MP: 3/5
  2041 | D:3      | Found a blossoming altar of Fedhas.
  2209 | D:3      | Noticed Grinder
  2229 | D:3      | Killed Grinder
  2229 | D:3      | Reached skill level 5 in Fighting
  2229 | D:3      | Reached skill level 5 in Maces & Flails
  2229 | D:3      | Reached XP level 5. HP: 16/36 MP: 2/6
  2229 | D:3      | Reached XP level 6. HP: 18/41 MP: 2/7
  2414 | D:3      | Reached skill level 6 in Fighting
  2582 | D:4      | Found Lorchium's Armour Shoppe.
  2611 | D:4      | Noticed Menkaure
  2622 | D:4      | Killed Menkaure
  2622 | D:4      | Reached XP level 7. HP: 40/47 MP: 6/8
  2691 | D:4      | Found a glowing drain.
  2722 | Sewer    | Entered a sewer
  3012 | Sewer    | Reached skill level 7 in Fighting
  3312 | D:4      | Reached XP level 8. HP: 53/53 MP: 9/9
  3319 | D:4      | Noticed Pikel
  3421 | D:4      | Noticed Robin
  3437 | D:4      | Killed Robin
  3455 | D:4      | Killed Pikel
  3455 | D:4      | Reached skill level 8 in Fighting
  3582 | D:4      | Found a sparkling altar of Nemelex Xobeh.
  3583 | D:4      | Found an opulent altar of Gozag.
  3601 | D:4      | Noticed Sigmund
  3615 | D:4      | Killed Sigmund
  3615 | D:4      | Reached skill level 9 in Fighting
  3914 | D:5      | Entered Level 5 of the Dungeon
  3942 | D:5      | Reached XP level 9. HP: 57/60 MP: 10/10
  4045 | D:5      | Got a twisted falchion
  4090 | D:5      | Found a shadowy altar of Dithmenos.
  4568 | D:5      | Reached skill level 10 in Fighting
  4762 | D:6      | Found a staircase to the Ecumenical Temple.
  4777 | Temple   | Entered the Ecumenical Temple
  4910 | D:6      | Found an iron altar of Okawaru.
  4915 | D:6      | Found a glowing golden altar of the Shining One.
  4915 | D:6      | Found an ornate altar of the Wu Jian Council.
  4994 | D:6      | Became a worshipper of the Shining One
  4994 | D:6      | Reached * piety under the Shining One
  4994 | D:6      | Reached ** piety under the Shining One
  5454 | D:5      | Noticed a rust devil
  5454 | D:5      | Noticed a rust devil
  5485 | D:6      | Reached skill level 10 in Maces & Flails
  5852 | D:7      | Reached skill level 11 in Fighting
  5854 | D:7      | Reached XP level 10. HP: 69/69 MP: 11/11
  5926 | D:7      | Found a staircase to the Lair.
  6225 | D:7      | Found a shattered altar of Ashenzari.
  6246 | D:7      | Noticed a two-headed ogre
  6280 | D:7      | Killed a two-headed ogre
  6474 | D:7      | Noticed a centaur warrior
  6614 | D:7      | Killed a centaur warrior
  6614 | D:7      | Reached skill level 12 in Fighting
  6644 | D:7      | Reached *** piety under the Shining One
  6932 | D:8      | Found a runed translucent gate.
  6933 | D:8      | Found a runed translucent gate.
  6933 | D:8      | Found a runed translucent gate.
  6933 | D:8      | Noticed Maksi666's ghost (journeyman DgHu)
  7015 | D:8      | Noticed Grum
  7031 | D:8      | Reached XP level 11. HP: 75/76 MP: 12/12
  7052 | D:8      | Killed Grum
  7099 | D:8      | Found Kukous's Assorted Antiques.
  7118 | D:8      | Noticed Joseph
  7132 | D:8      | Killed Joseph
  7132 | D:8      | Reached skill level 13 in Fighting
  7615 | D:8      | Found a viscous altar of Jiyva.
  7670 | D:9      | Noticed a two-headed ogre
  7690 | D:9      | Killed a two-headed ogre
  7933 | D:9      | Noticed a two-headed ogre
  7952 | D:9      | Killed a two-headed ogre
  8008 | D:9      | Found a radiant altar of Vehumet.
  8074 | D:9      | Noticed an unseen horror
  8093 | D:9      | Killed an unseen horror
  8181 | D:9      | Reached **** piety under the Shining One
  8481 | Lair:1   | Entered Level 1 of the Lair of Beasts
  8564 | Lair:1   | Noticed a four-headed hydra
  8579 | Lair:1   | Reached skill level 1 in Armour
  8586 | Lair:1   | Killed a four-headed hydra
  8689 | Lair:1   | Reached skill level 5 in Armour
  8694 | Lair:1   | Reached XP level 12. HP: 76/84 MP: 13/13
  8929 | Lair:1   | Found a frozen archway.
  8955 | IceCv    | Entered an ice cave
  8973 | IceCv    | Reached ***** piety under the Shining One
  9992 | IceCv    | Slain by an ice devil

Skill      XL: |  1  2  3  4  5  6  7  8  9 10 11 12 |
---------------+-------------------------------------+-----
Fighting       | 4 5 6 7 9 11 12 13 | 13.9
Maces & Flails | 4 5 6 8 10 11 12 | 12.9
Armour         | 5 7 |  7.0
Dodging        | |  2.4
Stealth        | |  2.4
Invocations    | |  2.1

Action                   |  1- 3 |  4- 6 |  7- 9 | 10-12 || total
-------------------------+-------+-------+-------+-------++-------
Melee: Mace              |   113 |       |       |       ||   113
       Flail             |       |   130 |       |       ||   130
       Whip              |       |    17 |   587 |   479 ||  1083
Evoke: Wand              |       |       |       |     2 ||     2
  Use: Scroll            |       |     7 |     5 |     7 ||    19
       Potion            |       |       |     3 |     4 ||     7
 Stab: Sleeping          |     7 |       |       |       ||     7
  Eat: Chunk             |     6 |     8 |    21 |    14 ||    49
       Ration            |       |       |       |     1 ||     1
Armor: Robe              |    42 |     5 |       |       ||    47
       Chain mail        |       |    81 |   244 |   150 ||   475
       Skin              |       |       |    98 |    10 ||   108
Dodge: Dodged            |    64 |    67 |   201 |   166 ||   498
